 Dungeon Crawl Stone Soup version 0.15.2 (webtiles) character file.

90 kae the Insei (level 4, 0/35 HPs)
             Began as a Draconian Transmuter on Feb 6, 2015.
             Shot with a sling bullet by a hobgoblin (1 damage)
             ... on Level 3 of the Dungeon.
             The game lasted 00:03:48 (2616 turns).

kae the Insei (Draconian Transmuter)                Turns: 2616, Time: 00:03:48

HP   0/35        AC  5     Str 12      XL: 4   Next: 32%
MP   7/7         EV 12     Int 14      God:
Gold 77          SH  0     Dex 12      Spells:  1 memorised,  6 levels left

rFire  . . .     SeeInvis .       - Unarmed
rCold  . . .     Clarity  .     (armour unavailable)
rNeg   . . .     rCorr    .     (no shield)
rPois  .         rRot     .     (helmet restricted)
rElec  .         Spirit   .     (no cloak)
SustAb .         Warding  .     (no gloves)
rMut   .         Stasis   .     (no boots)
Gourm  .                        (no amulet)
MR     .....                    (no ring)
                                (no ring)

@: lethally poisoned, not resistant to hostile enchantments, very unstealthy
A: unfitting armour, cold-blooded, AC +5
a: no special abilities


You were on level 3 of the Dungeon.
You were not hungry.

You visited 1 branch of the dungeon, and saw 3 of its levels.

You collected 77 gold pieces.

Inventory:

Missiles
 b - 35 arrows
Comestibles
 a - 2 bread rations
 c - 4 fruits
 f - 2 meat rations
 g - 2 slices of pizza
Scrolls
 i - a scroll of fear {unknown}
 k - 2 scrolls of identify {unknown}
 l - 2 scrolls of remove curse {unknown}
 m - a scroll of recharging {unknown}
 o - 2 scrolls of teleportation {unknown}
Potions
 e - 2 potions of heal wounds
 h - 3 potions of agility {unknown}
 j - 2 potions of curing {unknown}
 p - a potion of porridge
Books
 d - a book of Changes

   Spells                             Type                      Level
   *Beastly Appendage                 Transmutation                1
   Sticks to Snakes                   Transmutation                2
   Spider Form                        Transmutation/Poison         3
   Ice Form                           Ice/Transmutation            4
   Blade Hands                        Transmutation                5


   Skills:
 - Level 1.1 Fighting
 - Level 1.7 Dodging
 * Level 4.6 Unarmed Combat
 - Level 2.0 Spellcasting
 + Level 3.0 Transmutations


You had 6 spell levels left.
You knew the following spells:

 Your Spells              Type           Power        Failure   Level  Hunger
a - Beastly Appendage     Trmt           #.....       10%         1    ##.....


Dungeon Overview and Level Annotations

Branches:
Dungeon (3/15)

Altars:


Innate Abilities, Weirdness & Mutations

Your plain brown scales are hard (AC +5).
Your body does not fit into most forms of armour.
Your cold-blooded metabolism reacts poorly to cold.


Message History

You are too injured to fight recklessly!
You are too injured to fight recklessly!
You are too injured to fight recklessly!
You are too injured to fight recklessly!
You are too injured to fight recklessly!
You are too injured to fight recklessly!
You are too injured to fight recklessly!
You are too injured to fight recklessly!
You are too injured to fight recklessly!
The hobgoblin wields an uncursed hunting sling.
The hobgoblin shoots a sling bullet.
The sling bullet hits you.
* * * LOW HITPOINT WARNING * * *
The goblin shoots a stone.
The stone hits you.
* * * LOW HITPOINT WARNING * * *
You see here a stone.
* * * LOW HITPOINT WARNING * * *
You feel sick.
The goblin shoots a stone.
The stone hits you.
* * * LOW HITPOINT WARNING * * *
The hobgoblin shoots a sling bullet.
The sling bullet hits you.
You die...

...............
...............
...............
................. #g##.# ..
#)g..# ...# #(####
###..##(# .. .....##@####
#.. ##....(...# .
#..##...#..####
..............(...#
..............##### .
..#.#.####..#..# . . #....
......(....(..).##### .....
#....
...#...##(#.........##.....
#....
.......##.#.###..#####8...8
#....


You could see a hobgoblin and a goblin.

Vanquished Creatures
  An adder (D:3)
  4 worms (D:2)
  2 giant geckos
  An orc (D:3)
  2 ball pythons
  3 bats
  3 giant cockroaches
  6 hobgoblins
  4 jackals
  A quokka (D:2)
  6 giant newts
  5 goblins
  11 kobolds
  9 rats
58 creatures vanquished.

Notes
Turn   | Place    | Note
--------------------------------------------------------------
     0 | D:1      | kae, the Draconian Transmuter, began the quest for the Orb.
     0 | D:1      | Reached XP level 1. HP: 16/16 MP: 3/3
   104 | D:1      | Reached XP level 2. HP: 12/23 MP: 4/4
  1264 | D:2      | Reached skill level 4 in Unarmed Combat
  1264 | D:2      | Reached XP level 3. HP: 23/28 MP: 4/6
  2036 | D:2      | Reached XP level 4. HP: 35/35 MP: 7/7
  2616 | D:3      | HP: 1/35 [goblin/ stone (1)]
  2616 | D:3      | Shot with a sling bullet by a hobgoblin

Action                   |  1- 3 |  4- 6 || total
-------------------------+-------+-------++-------
Melee: Unarmed           |   198 |    45 ||   243
 Cast: Beastly Appendage |     8 |     2 ||    10
  Use: Potion            |       |     1 ||     1
  Eat: Chunk             |     3 |     3 ||     6
